 Dungeon Crawl Stone Soup version 0.23.2-40-g277498a001 (webtiles) character file.

Game seed: 2178327210185276465

2704 Martska the Cleaver (level 9, -13/81 HPs)
             Began as a Minotaur Berserker on Oct 1, 2019.
             Was an Elder of Trog.
             Mangled by a two-headed ogre
             ... wielding a +0 dire flail of crushing
              (14 damage)
             ... on level 9 of the Dungeon.
             The game lasted 00:14:00 (5871 turns).

Martska the Cleaver (Minotaur Berserker)            Turns: 5871, Time: 00:14:00

Health: -13/81     AC: 13    Str: 24    XL:     9   Next: 39%
Magic:  8/8        EV:  8    Int:  4    God:    Trog [****..]
Gold:   229        SH:  0    Dex: 11    Spells: 8/8 levels left

rFire    . . .     SeeInvis .   G - +2 war axe (elec)
rCold    . . .     Gourm    .   (no shield)
rNeg     . . .     Faith    .   E - +0 plate armour
rPois    +         Spirit   .   (helmet restricted)
rElec    .         Reflect  .   (no cloak)
rCorr    .         Harm     .   (no gloves)
MR       .....                  (no boots)
Stlth    ..........             (no amulet)
HPRegen  0.23/turn              g - ring of poison resistance
MPRegen  0.11/turn              x - ring of flight

@: marked, berserk cooldown, slowed, very slow
A: retaliatory headbutt, horns 2
a: Berserk, Trog's Hand, Brothers in Arms, Renounce Religion, Evoke Flight


You were on level 9 of the Dungeon.
You worshipped Trog.
Trog was greatly pleased with you.
You were not hungry.

You visited 1 branch of the dungeon, and saw 7 of its levels.

You collected 229 gold pieces.

Inventory:

Hand Weapons
 a - a +0 hand axe
 n - a +0 scythe
 z - a +0 war axe
 G - a +2 war axe of electrocution (weapon)
 K - a +0 war axe
 L - a +1 dagger of draining
 M - a +0 war axe
Armour
 b - a +0 animal skin
 d - a +0 leather armour
 e - a +0 scale mail
 o - a +0 robe
 u - a +0 ring mail
 C - a +0 chain mail
 D - the +4 plate armour of Syndicalism {rN++, unknown}
   (You found it on level 4 of the Dungeon)

   It greatly protects you from negative energy.
 E - a +0 plate armour (worn)
 F - a +0 plate armour
 P - a +3 ring mail
Jewellery
 g - a ring of poison resistance (left hand)
 x - a ring of flight (right hand)
 y - an uncursed ring of fire {unknown}
Wands
 m - a wand of flame (28)
 p - a wand of digging (6)
 I - a wand of iceblast (7)
 R - a wand of enslavement (10)
Scrolls
 f - 5 scrolls of amnesia {unknown}
 h - 6 scrolls of identify {unknown}
 j - 7 scrolls of remove curse {unknown}
 k - 2 scrolls of enchant weapon {unknown}
 l - 3 scrolls of teleportation {unknown}
 r - 2 scrolls of fog {unknown}
 s - 4 scrolls of magic mapping {unknown}
 A - a scroll of random uselessness {unknown}
 B - a scroll of enchant armour {unknown}
 O - a scroll of holy word {unknown}
 Q - a scroll of immolation {unknown}
Potions
 i - a potion of berserk rage {unknown}
 q - a potion of degeneration {unknown}
 t - a potion of curing
 v - 2 potions of agility
 w - 2 potions of mutation {unknown}
 H - 2 potions of lignification {unknown}
 J - a potion of cancellation {unknown}
 N - a potion of brilliance
Comestibles
 c - 8 rations


   Skills:
 * Level 8.2 Fighting
 * Level 11.5 Axes
 * Level 7.4 Armour
 + Level 2.8 Dodging
 + Level 1.4 Stealth


You had 8 spell levels left.
You didn't know any spells.
Your spell library was empty.

Dungeon Overview and Level Annotations

Branches:
Dungeon (6/15)             Temple (0/1) D:6

Altars:
Ashenzari
Dithmenos
Fedhas
Kikubaaqudgha
Nemelex Xobeh
Qazlal
Sif Muna
Uskayaw
Xom
Zin


Innate Abilities, Weirdness & Mutations

You reflexively headbutt those who attack you in melee.
You have a pair of horns on your head.


Message History

The two-headed ogre hits you but does no damage.
The two-headed ogre hits you with a +0 giant spiked club!
* * * LOW HITPOINT WARNING * * *
You slash the two-headed ogre!
The two-headed ogre is moderately wounded.
The two-headed ogre barely misses you.
The two-headed ogre hits you but does no damage.
You slash the two-headed ogre!
Lightning courses through the two-headed ogre!
Your headbutt misses the two-headed ogre.
The two-headed ogre is severely wounded.
The two-headed ogre hits you with a +0 dire flail of crushing.
* * * LOW HITPOINT WARNING * * *
x2 The two-headed ogre hits you with a +0 giant spiked club!
* * * LOW HITPOINT WARNING * * *
You slash the two-headed ogre!
The two-headed ogre is almost dead.
The two-headed ogre completely misses you.
The two-headed ogre hits you with a +0 giant spiked club!
You die...

..............#.+ #...#
..............#.# #...#
..............#.# #...###
....(.........#. #......
..........$...#.#####....##
########..####..........#
#.l#.............#
#.O#......)......#
#.@#.............#
#..#.............#
#..#.............#
#..#..######.....# #..#..
#.....# #..#. .....# #..#
...... #..#


You could see a two-headed ogre and a leopard gecko.

Vanquished Creatures
  A two-headed ogre (D:9)
  Grinder (D:6)
  Sigmund (D:2)
  3 ogres
  An ice beast (D:6)
  2 sky beasts
  A phantom (D:4)
  2 centaurs
  An electric eel (D:6)
  2 crimson imps
  A jelly (D:4)
  2 orc priests
  A bullfrog skeleton (D:6)
  2 hounds (D:4)
  5 orc wizards
  Natasha (thrice) (D:2)
  An iguana (D:4)
  3 worker ants
  2 hound skeletons (D:6)
  A worker ant zombie (D:6)
  5 gnolls
  8 adders
  2 shadow imps
  3 oozes
  An adder skeleton (D:5)
  4 worms
  A dart slug (D:1)
  3 leopard geckos
  24 orcs
  6 giant cockroaches
  2 hobgoblins (D:1)
  9 kobolds
  2 quokkas
  A ball python skeleton (D:5)
  5 bats
  3 frilled lizards
  9 goblins
  A jackal skeleton (D:6)
  A jackal zombie (D:6)
  10 rats
136 creatures vanquished.

Vanquished Creatures (others)
  A ball python (D:6)
1 creature vanquished.

Grand Total: 137 creatures vanquished

Notes
Turn   | Place    | Note
-------+----------+-------------------------------------------
     0 | D:1      | Martska the Minotaur Berserker began the quest for the Orb.
     0 | D:1      | Reached XP level 1. HP: 19/19 MP: 0/0
    35 | D:1      | Reached skill level 4 in Axes
    35 | D:1      | Reached XP level 2. HP: 13/27 MP: 1/1
   529 | D:1      | Reached XP level 3. HP: 25/34 MP: 2/2
  1206 | D:2      | Noticed Sigmund
  1225 | D:2      | Killed Sigmund
  1225 | D:2      | Reached ** piety under Trog
  1225 | D:2      | Reached skill level 5 in Fighting
  1225 | D:2      | Reached skill level 5 in Axes
  1225 | D:2      | Reached XP level 4. HP: 26/42 MP: 3/3
  1225 | D:2      | Reached XP level 5. HP: 30/48 MP: 4/4
  1628 | D:2      | Reached skill level 6 in Axes
  1773 | D:2      | Found a shadowy altar of Dithmenos.
  1967 | D:2      | Found a faded altar of an unknown god.
  1988 | D:2      | Noticed Natasha
  1993 | D:2      | Killed Natasha
  1993 | D:2      | Reached XP level 6. HP: 54/56 MP: 5/5
  2010 | D:2      | Noticed Natasha
  2016 | D:2      | Killed Natasha
  2085 | D:2      | Noticed Natasha
  2100 | D:2      | Found a stormy altar of Qazlal.
  2101 | D:2      | Noticed a water elemental
  2107 | D:2      | Killed Natasha
  2108 | D:2      | Noticed an air elemental
  2108 | D:2      | Noticed a fire elemental
  2536 | D:3      | Found an ancient bone altar of Kikubaaqudgha.
  2827 | D:4      | Found a sparkling altar of Nemelex Xobeh.
  2828 | D:4      | Reached *** piety under Trog
  2834 | D:4      | Reached skill level 7 in Axes
  2834 | D:4      | Reached XP level 7. HP: 7/63 MP: 6/6
  2835 | D:4      | HP: 3/94 [hound (4)]
  2837 | D:4      | HP: 1/63 [poisoned by an adder]
  3627 | D:4      | Reached skill level 5 in Armour
  4029 | D:4      | Got a slimy plate armour
  4030 | D:4      | Reached skill level 8 in Axes
  4135 | D:4      | Found a blossoming altar of Fedhas.
  4172 | D:5      | Entered Level 5 of the Dungeon
  4181 | D:5      | Found a shimmering altar of Xom.
  4181 | D:5      | Noticed an angel
  4184 | D:5      | Found a glowing silver altar of Zin.
  4201 | D:5      | Found a shattered altar of Ashenzari.
  4217 | D:5      | Reached XP level 8. HP: 31/71 MP: 7/7
  4551 | D:5      | Reached skill level 9 in Axes
  4730 | D:5      | Found a deep blue altar of Sif Muna.
  4781 | D:5      | Found a hide-covered altar of Uskayaw.
  4955 | D:6      | Found a staircase to the Ecumenical Temple.
  4955 | D:6      | Noticed Grinder
  4969 | D:6      | Reached **** piety under Trog
  4977 | D:6      | Killed Grinder
  4977 | D:6      | Reached skill level 10 in Axes
  5293 | D:6      | Reached skill level 1 in Stealth
  5794 | D:6      | You fall through a shaft for 3 floors!
  5798 | D:9      | Reached XP level 9. HP: 70/81 MP: 8/8
  5839 | D:9      | Noticed a two-headed ogre
  5849 | D:9      | Killed a two-headed ogre
  5849 | D:9      | Reached skill level 11 in Axes
  5856 | D:9      | Noticed a two-headed ogre
  5870 | D:9      | HP: 1/81 [two-headed ogre/+0 dire flail of crushing (15)]
  5871 | D:9      | Mangled by a two-headed ogre

Skill      XL: |  1  2  3  4  5  6  7  8  9 |
---------------+----------------------------+-----
Fighting       | 4 5 6 7 8 |  8.2
Axes           | 4 5 6 7 8 10 11 | 11.5
Armour         | 3 4 5 6 7 |  7.4
Stealth        | 1 |  1.4
Dodging        | |  2.8

Action                   |  1- 3 |  4- 6 |  7- 9 || total
-------------------------+-------+-------+-------++-------
Melee: Hand axe          |    65 |    78 |       ||   143
       Headbutt          |    13 |    18 |    26 ||    57
       War axe           |       |    15 |   142 ||   157
Invok: Berserk           |     1 |     2 |     3 ||     6
       Trog's Hand       |       |       |     2 ||     2
  Use: Potion            |       |       |     4 ||     4
  Eat: Ration            |     1 |     2 |     4 ||     7
Armor: Scale mail        |    28 |    40 |     5 ||    73
       Animal skin       |     3 |       |       ||     3
       Plate armour      |       |       |    66 ||    66
       Chain mail        |       |       |     7 ||     7
Dodge: Dodged            |    50 |    49 |    69 ||   168
